 Dungeon Crawl Stone Soup version 0.22-a0-322-g60b3cfd (webtiles) character file.

1 Goblin1989 the Insei (level 1, -2/15 HPs)
             Began as a Demonspawn Transmuter on Apr 6, 2018.
             Slain by an ooze (3 damage)
             ... on level 1 of the Dungeon.
             The game lasted 00:00:49 (197 turns).

Goblin1989 the Insei (Demonspawn Transmuter)         Turns: 197, Time: 00:00:50

Health: -2/15      AC:  2    Str: 10    XL:     1   Next: 16%
Magic:  3/3        EV: 12    Int: 14    God:
Gold:   14         SH:  0    Dex: 13    Spells: 3/4 levels left

rFire    . . .     SeeInvis .     - Unarmed
rCold    . . .     Gourm    .   (no shield)
rNeg     . . .     Faith    .   b - +0 robe
rPois    .         Spirit   .   (no helmet)
rElec    .         Reflect  .   (no cloak)
rCorr    .         Harm     .   (no gloves)
MR       .....                  (no boots)
Stlth    +.........             (no amulet)
HPRegen  0.05/turn              (no ring)
MPRegen  0.08/turn              (no ring)

@: no status effects
A: no striking features
a: no special abilities


You were on level 1 of the Dungeon.
You were not hungry.

You visited 1 branch of the dungeon, and saw 1 of its levels.

You collected 14 gold pieces.

Inventory:

Missiles
 a - 28 arrows
 f - 22 stones (quivered) {@Q3}
Armour
 b - a +0 robe (worn)
Scrolls
 g - a scroll of random uselessness {unknown}
Potions
 h - a potion of curing {unknown}
Comestibles
 e - a ration


   Skills:
 - Level 1.0 Fighting
 - Level 1.7 Dodging
 - Level 2.6 Unarmed Combat
 - Level 2.0 Spellcasting
 + Level 1.9 Transmutations


You had 3 spell levels left.
You knew the following spells:

 Your Spells              Type           Power        Failure   Level  Hunger
a - Beastly Appendage     Tmut           #.....       11%         1    ##.....


Dungeon Overview and Level Annotations

Branches:
Dungeon (1/15)

Altars:


Message History

The kobold shouts!
The kobold throws a stone.
The stone barely misses you.
You see here a stone.
You closely miss the kobold. The kobold completely misses you.
You hit the kobold.
You kill the kobold!
No target in view!
No target in view!
No target in view!
No target in view!
No target in view!
No target in view!
No target in view!
No target in view!
No target in view!
No target in view!
No target in view!
No target in view!
No target in view!
No target in view!
No target in view!
No target in view!
You see here a stone.
f - a stone
Things that are here:
a short sword; a kobold corpse
a - 28 arrows (gained 16)
g - a scroll labeled SOOMUYPSOET You now have 14 gold pieces.
h - a bubbling purple potion
f - 22 stones {@Q3} (gained 21) No target in view!
No target in view!
No target in view!
No target in view!
No target in view!
No target in view!
No target in view!
No target in view!
An ooze comes into view.
An ooze is nearby!
An ooze is nearby!
An ooze is nearby!
The ooze quivers.
The ooze hits you.
You take 1 damage, and have 14/15 hp.
You hit the ooze.
The ooze is lightly wounded.
The ooze hits you.
You take 1 damage, and have 13/15 hp.
You hit the ooze.
The ooze is heavily wounded.
The ooze hits you.
You take 4 damage, and have 9/15 hp.
MASSIVE DAMAGE!!
You are too injured to fight recklessly!
You are too injured to fight recklessly!
You are too injured to fight recklessly!
You are too injured to fight recklessly!
You are too injured to fight recklessly!
You are too injured to fight recklessly!
You are too injured to fight recklessly!
You are too injured to fight recklessly!
You are too injured to fight recklessly!
You are too injured to fight recklessly!
You are too injured to fight recklessly!
You are too injured to fight recklessly!
You are too injured to fight recklessly!
You are too injured to fight recklessly!
You are too injured to fight recklessly!
You are too injured to fight recklessly!
You are too injured to fight recklessly!
You are too injured to fight recklessly!
You are too injured to fight recklessly!
You are too injured to fight recklessly!
You barely miss the ooze.
The ooze is heavily wounded.
The ooze closely misses you.
You hit the ooze but do no damage.
The ooze is heavily wounded.
The ooze hits you.
You take 1 damage, and have 8/15 hp.
You hit the ooze but do no damage.
The ooze is heavily wounded.
The ooze hits you but does no damage.
You hit the ooze but do no damage.
The ooze is heavily wounded.
The ooze hits you.
* * * LOW HITPOINT WARNING * * *
You take 4 damage, and have 4/15 hp.
MASSIVE DAMAGE!!
You hit the ooze but do no damage.
The ooze is heavily wounded.
You barely miss the ooze.
The ooze is heavily wounded.
The ooze hits you.
* * * LOW HITPOINT WARNING * * *
You take 3 damage, and have 1/15 hp.
You hit the ooze.
The ooze is severely wounded.
The ooze hits you.
You die...

███
██████████████..
█...............
█.███.███.......
█.█ █.████████..
.████████.█
█...........
%.....J@..█
█..██████.█.
.██████████ █..█
█...... █..█
█.██...
███████..█
█.██...
.........█
█.██...
███████.██
█.██... █.█
█...... █.█
██..█... █.█
█...█...


You could see an ooze.

Vanquished Creatures
  A kobold (D:1)
1 creature vanquished.

Notes
Turn   | Place    | Note
-------+----------+-------------------------------------------
     0 | D:1      | Goblin1989 the Demonspawn Transmuter began the quest for the Orb.
     0 | D:1      | Reached XP level 1. HP: 15/15 MP: 3/3
   197 | D:1      | Slain by an ooze

Vault maps used:
D:1:      saegor_arrival_simple_e

Action                   || total
-------------------------++-------
Melee: Unarmed           ||    11
Armor: Robe              ||     1
Dodge: Dodged            ||     3

Table legend:
 A = Spawn XP
 B = Non-spawn XP
 C = Spawn XP percentage of total XP
 D = Spawn monster count
 E = Non-spawn monster count
 F = Spawn count percentage of total count
 G = Total turns spent on level
                    A         B        C        D         E        F      G
               +---------+---------+-------+---------+---------+-------+---------
         Total |       0 |       2 |   0.0 |       0 |       1 |   0.0 |   197
               +---------+---------+-------+---------+---------+-------+---------
           D:1 |       0 |       2 |   0.0 |       0 |       1 |   0.0 |   197
               +---------+---------+-------+---------+---------+-------+---------

Vault maps used:
D:1:      saegor_arrival_simple_e
